 Dungeon Crawl Stone Soup version 0.26-a0-952-g76694b35de (webtiles) character file.

Game seed: 3672688822703133331

53 pkoi the Shooter (level 3, 0/30 HPs)
             Began as a Minotaur Hunter on Nov 29, 2020.
             Slain by a centaur (3 damage)
             ... on level 2 of the Dungeon.
             The game lasted 00:02:13 (1664 turns).

pkoi the Shooter (Minotaur Hunter)                  Turns: 1664, Time: 00:02:14

Health: 0/30       AC:  5    Str: 16    XL:     3   Next: 64%
Magic:  2/2        EV: 12    Int:  8    God:
Gold:   147        SH:  0    Dex: 11    Spells: 2/2 levels left

rFire    . . .     SeeInvis .   b - +0 whip (elec)
rCold    . . .     Faith    .   (no shield)
rNeg     . . .     Spirit   .   c - +0 leather armour
rPois    .         Reflect  .   (helmet restricted)
rElec    .         Harm     .   (no cloak)
rCorr    .         Rampage  .   (no gloves)
MR       .....                  r - +1 pair of boots
Stlth    +.........             (no amulet)
HPRegen  0.10/turn              (no ring)
MPRegen  0.08/turn              (no ring)

@: no status effects
A: retaliatory headbutt, horns 2
a: no special abilities


You were on level 2 of the Dungeon.
You visited 1 branch of the dungeon, and saw 2 of its levels.

You collected 147 gold pieces.

Inventory:

Hand Weapons
 a - a +1 shortbow
 b - a +0 whip of electrocution (weapon)
 g - a +0 short sword
Missiles
 d - 75 arrows (quivered)
Armour
 c - a +0 leather armour (worn)
 r - a +1 pair of boots (worn)
Scrolls
 e - a scroll of enchant weapon {unknown}
 h - 3 scrolls of magic mapping {unknown}
 i - a scroll of fog {unknown}
 k - 6 scrolls of identify {unknown}
 l - a scroll of blinking {unknown}
 m - a scroll of immolation {unknown}
 n - a scroll of fear {unknown}
 o - 4 scrolls of remove curse {unknown}
 q - a scroll of teleportation {unknown}
 s - a scroll of enchant armour {unknown}
 u - a scroll of random uselessness {unknown}
Potions
 f - 2 potions of flight {unknown}
 j - a potion of attraction {unknown}
 p - a potion of heal wounds {unknown}
 t - a potion of haste {unknown}


   Skills:
 - Level 2.4 Fighting
 + Level 5.9 Bows
 - Level 2.1 Dodging
 - Level 0.7 Stealth


You had 2 spell levels left.
You didn't know any spells.
Your spell library was empty.

Dungeon Overview and Level Annotations

Branches:
Dungeon (2/15)

Altars:


Innate Abilities, Weirdness & Mutations

You reflexively headbutt those who attack you in melee.
You have a pair of horns on your head.


Message History

The centaur shouts!
There are monsters nearby!
There are monsters nearby!
There are monsters nearby!
The centaur wields a +0 shortbow.
The centaur shoots an arrow.
The arrow hits you!
The centaur shoots an arrow.
The arrow hits you!
* * * LOW HITPOINT WARNING * * *
You see here 2 arrows.
You are too injured to fight recklessly!
You are too injured to fight recklessly!
You are too injured to fight recklessly!
You are too injured to fight recklessly!
You are too injured to fight recklessly!
The centaur shoots an arrow.
The arrow hits you.
* * * LOW HITPOINT WARNING * * *
The centaur unwields a +0 shortbow.
The centaur closely misses you.
You hit the centaur but do no damage. The centaur barely misses you.
The centaur closely misses you.
You closely miss the centaur. The centaur hits you.
You die...

#...........########
#...........# #...#
####.........†.#
#...#
w..............#
#...# #...........#
#...# #.!.........#
#...#
#..(#.##########...#
#....>..............
#..@############...#
#..c# #####'## #....
#.....# #....#
#.##### ####.# #.#
.# #.# .. #.# .. #.#
## #.# #.


You could see a centaur.

Vanquished Creatures
  2 dart slugs
  A leopard gecko (D:1)
  A giant cockroach (D:1)
  8 goblins
  6 hobgoblins
  6 jackals
  A quokka (D:2)
  A ball python (D:1)
  4 bats
  4 frilled lizards
  3 kobolds
  6 rats
  A bush (D:1)
44 creatures vanquished.

Vanquished Creatures (others)
  6 plants (D:1)
6 creatures vanquished.

Grand Total: 50 creatures vanquished

Notes
Turn   | Place    | Note
-------+----------+-------------------------------------------
     0 | D:1      | pkoi the Minotaur Hunter began the quest for the Orb.
     0 | D:1      | Reached XP level 1. HP: 18/18 MP: 0/0
    73 | D:1      | Reached XP level 2. HP: 21/25 MP: 1/1
    74 | D:1      | Reached skill level 5 in Bows
   605 | D:1      | Reached XP level 3. HP: 30/30 MP: 2/2
  1659 | D:2      | Noticed a centaur
  1664 | D:2      | Slain by a centaur

Illustrated notes

Levels and vault maps discovered:
D:1:      dpeg_arrival_arbitrary_c, layout_rooms, serial_forest,
          infiniplex_forest_corner_2, infiniplex_forest_straight_2,
          infiniplex_forest_split, infiniplex_forest_end_2,
          infiniplex_forest_clump_tiny, infiniplex_forest_straight_2,
          infiniplex_forest_lined_3, infiniplex_forest_join,
          infiniplex_forest_corner_1, infiniplex_forest_lined_room_2,
          wander_ebering_terrifying_dragon_lair
D:2:      layout_basic

Skill      XL: |  1  2 |
---------------+-------+-----
Bows           | 5 |  5.9
Fighting       | |  2.4
Dodging        | |  2.1
Stealth        | |  0.7

Action                   || total
-------------------------++-------
Melee: Short sword       ||    19
       Headbutt          ||    23
       Whip              ||   110
 Stab: Sleeping          ||     1
Armor: Leather armour    ||    24
Dodge: Dodged            ||    58

Table legend: (Time is in decaauts)
 A = Elapsed time spent in this place.
 B = Non-inter-level travel time spent in this place.
 C = Inter-level travel time spent in this place.
 D = Time resting spent in this place.
 E = Time spent auto-exploring this place.
 F = Levels seen in this place.
 G = Mean time per level.
                   A        B        C        D        E       F      G
               +--------+--------+--------+--------+--------+-----+--------+
         Total |   1674 |   1654 |     20 |    347 |    982 |   2 |  837.0 |
       Dungeon |   1674 |   1654 |     20 |    347 |    982 |   2 |  837.0 |
               +--------+--------+--------+--------+--------+-----+--------+

Top non-repeatable levels by time:
     D:1: 1069 daAuts
     D:2: 605 daAuts
